 Dungeon Crawl Stone Soup version 0.29-a0-322-g68df515428 (webtiles) character file.

Game seed: 14839100120652599695

8209 Ijustatesigmund the Timeless (level 11, -3/91 HPs)
             Began as a Hill Orc Fire Elementalist on Apr 7, 2022.
             Was a High Priest of Cheibriados.
             Slain by a two-headed ogre
             ... wielding a +0 giant club
              (19 damage)
             ... on level 10 of the Dungeon.
             The game lasted 00:54:33 (19098 turns).

Ijustatesigmund the Timeless (HOFE)                Turns: 19098, Time: 00:54:34

Health: -3/91      AC:  7    Str: 24    XL:     11   Next: 27%
Magic:  6/19       EV: 12    Int: 31    God:    Cheibriados [*****.]
Gold:   559        SH:  7    Dex: 23    Spells: 4/14 levels left

rFire   + . .      SeeInvis .   d - staff of fire
rCold   . . .      Faith    .   y - +0 buckler
rNeg    . . .      Spirit   .   B - +0 steam dragon scales
rPois   +          Reflect  .   (no helmet)
rElec   .          Harm     .   (no cloak)
rCorr   .          Rampage  .   A - +0 pair of gloves
Will    +....                   (no boots)
Stlth   ++........              H - amulet of magic regeneration
HPRegen 0.25/turn               g - ring of willpower
MPRegen 0.56/turn               p - ring of poison resistance

@: very slow
A: no striking features
a: Renounce Religion, Bend Time, Temporal Distortion, Slouch, Step From Time


You were on level 10 of the Dungeon.
You worshipped Cheibriados.
Cheibriados was extremely pleased with you.
You visited 2 branches of the dungeon, and saw 11 of its levels.
You also visited: Sewer.

You collected 559 gold pieces.

Inventory:

Hand Weapons
 n - a +0 war axe
 D - a +0 hand axe of flaming
Missiles
 e - 18 throwing nets
 k - 16 poisoned darts
Armour
 a - a +2 leather armour of willpower
 y - a +0 buckler (worn)
 A - a +0 pair of gloves (worn)
 B - +0 steam dragon scales (worn)
Magical Staves
 d - a staff of fire (weapon)
 x - a staff of death
Jewellery
 f - an amulet of guardian spirit
 g - a ring of willpower (left hand)
 p - a ring of poison resistance (right hand)
 H - an amulet of magic regeneration (around neck)
 K - a ring of protection from fire
Wands
 q - a wand of flame (18)
 v - a wand of acid (8)
 E - a wand of iceblast (3)
 G - a wand of mindburst (1)
Scrolls
 h - 2 scrolls of enchant armour
 i - 2 scrolls of immolation
 o - a scroll of blinking
 t - 2 scrolls of fear
 u - a scroll of amnesia
 w - a scroll of enchant weapon
 C - a scroll of identify
 F - 2 scrolls of teleportation
Potions
 b - 3 potions of curing
 c - 3 potions of mutation
 j - 2 potions of heal wounds
 l - 3 potions of attraction
 m - 2 potions of might
 r - a potion of berserk rage
 s - 3 potions of resistance
 z - a potion of lignification
 I - a potion of flight
 L - a potion of magic
 M - a potion of brilliance


   Skills:
 + Level 6.6 Fighting
 + Level 2.9 Axes
 - Level 6.0 Armour
 - Level 2.1 Dodging
 - Level 1.5 Stealth
 - Level 6.0 Shields
 - Level 2.3 Spellcasting
 - Level 6.1 Conjurations
 - Level 7.5 Fire Magic
 + Level 5.6 Earth Magic
 + Level 11.3 Invocations


You had 4 spell levels left.
You knew the following spells:

 Your Spells              Type           Power      Damage    Failure   Level
a - Foxfire               Conj/Fire      100%       2x1d9     1%          1
b - Scorch                Fire           100%       2d10      1%          2
c - Flame Wave            Conj/Fire      62%        2d12      5%          4
d - Stone Arrow           Conj/Erth      80%        3d12      2%          3

Your spell library contained the following spells:

 Spells                   Type           Power      Damage    Failure   Level
 Sandblast                Erth           76%        2d16      1%          1
 Conjure Flame            Conj/Fire      62%        6-21      1%          3
 Passwall                 Tmut/Erth      17%        N/A       4%          2
 Inner Flame              Hex/Fire       40%        N/A       6%          3
 Corpse Rot               Necr/Air       6%         N/A       14%         2
 Ensorcelled Hibernation  Hex/Ice        6%         N/A       14%         2
 Poisonous Vapours        Pois/Air       6%         N/A       14%         2
 Gell's Gravitas          Tloc           3%         N/A       28%         3
 Lesser Beckoning         Tloc           3%         N/A       28%         3
 Portal Projectile        Hex/Tloc       6%         N/A       28%         3
 Swiftness                Air            3%         N/A       28%         3
 Teleport Other           Tloc           3%         N/A       28%         3
 Airstrike                Air            1%         N/A       67%         4
 Summon Lightning Spire   Summ/Air       3%         N/A       67%         4
 Lightning Bolt           Conj/Air       11%        1d24      58%         5
 Silence                  Hex/Air        1%         N/A       95%         5
 Chain Lightning          Conj/Air       11%        3d14      100%        9


Dungeon Overview and Level Annotations

Branches:
Dungeon (10/15)            Temple (1/1) D:5           Sewer (visited)
   Lair: D:8-11         Orc: D:9-12

Altars:
Ashenzari
Cheibriados
Dithmenos
Elyvilon
Fedhas
Gozag
Hepliaklqana
Kikubaaqudgha
Makhleb
Nemelex Xobeh
Okawaru
Qazlal
Ru
Sif Muna
Trog
Uskayaw
Vehumet
Wu Jian
Xom
Yredelemnul
Zin
The Shining One


Message History

Confirm with . or Enter, or press ? or * to list all spells.
Casting: Flame Wave (dangerous; 5% risk of failure)
Press: ? - help, Dir - look around, f - activate You feel a surge of power!
A wave of flame ripples out!
The flame wave engulfs the shadow!
You destroy the shadow!
Cheibriados appreciates the change of pace. (Press . to intensify the flame waves.)
You hear a shout!
An ogre comes into view. It is wielding a +0 giant club.
Casting: Flame Wave (dangerous; 5% risk of failure)
Confirm with . or Enter, or press ? or * to list all spells.
Aiming: Stone Arrow (mildly dangerous; 2% risk of failure)
Press: ? - help, Shift-Dir - straight line, f - two-headed ogre
Aim: a two-headed ogre, wielding a +0 giant club and a +0 giant spiked club (89% to hit)
The stone arrow hits the two-headed ogre!!
The two-headed ogre is heavily wounded.
Casting: Stone Arrow (mildly dangerous; 2% risk of failure)
Confirm with . or Enter, or press ? or * to list all spells.
Casting: Flame Wave (dangerous; 5% risk of failure)
Press: ? - help, Dir - look around, f - activate You feel a surge of power!
A wave of flame ripples out! (Press . to intensify the flame waves.)
A wave of flame ripples out!
The flame wave engulfs the two-headed ogre.
The two-headed ogre is heavily wounded.
You hear a shout!
You hear two shouts!
The two-headed ogre hits you with a +0 giant club!!
The two-headed ogre barely misses you.
A wave of flame ripples out!
The flame wave engulfs the two-headed ogre!
The two-headed ogre is severely wounded.
The flame wave engulfs the ogre!
The ogre is heavily wounded.
You finish channelling waves of flame.
A two-headed ogre comes into view. It is wielding two +0 giant clubs.
The two-headed ogre hits you with a +0 giant club!!
* * * LOW HITPOINT WARNING * * *
The two-headed ogre hits you with a +0 giant spiked club!!
You die...

................#
..........†.....#
................######
.......#####.........#
.......# #........$#
.......# #.........#
.......# #.........#
.......# #.........+
......## #....@O...#
>.....# +.....O...#+#
......# #...........O.
......#
##########.....
......# ..... ......#
.... .....## ...
..<..# +## .....#


You could see 2 two-headed ogres and an ogre.

Vanquished Creatures
  A manticore (D:9)
  A troll (D:10)
  A hornet (shapeshifter) (D:9)
  2 hornets
  2 wyverns
  2 wraiths
  A shadow (D:10)
  6 yaks (D:9)
  4 steam dragons
  An acid dragon (D:8)
  4 water moccasins
  2 orc warriors (D:7)
  2 black bears (D:5)
  2 ogres
  5 centaurs
  3 phantoms
  3 kobold brigands (Sewer)
  3 bullfrogs
  3 scorpions
  5 gnoll sergeants (D:8)
  10 wights
  3 electric eels (D:8)
  4 howler monkeys
  9 hounds
  4 gnoll shamans
  6 orc priests
  7 iguanas
  10 orc wizards
  37 gnolls
  10 adders
  A white imp (D:7)
  2 worms
  4 dart slugs
  54 orcs
  4 bats
  11 endoplasms
  9 giant cockroaches
  9 goblins
  6 hobgoblins
  14 jackals
  8 kobolds
  11 quokkas
  8 ball pythons
  2 frilled lizards
  9 rats
  A bush (D:3)
306 creatures vanquished.

Vanquished Creatures (collateral kills)
  7 foxfires (D:3)
7 creatures vanquished.

Vanquished Creatures (others)
  732 foxfires
  A plant (D:3)
733 creatures vanquished.

Grand Total: 1046 creatures vanquished

Notes
Turn   | Place    | Note
-------+----------+-------------------------------------------
     0 | D:1      | Ijustatesigmund the Hill Orc Fire Elementalist began the
                  | quest for the Orb.
     0 | D:1      | Reached XP level 1. HP: 14/14 MP: 3/3
    58 | D:1      | Reached XP level 2. HP: 11/20 MP: 0/4
   889 | D:1      | Reached XP level 3. HP: 26/26 MP: 1/5
  1777 | D:2      | Found a faded altar of an unknown god.
  1888 | D:2      | Found a burning altar of Makhleb.
  2234 | D:2      | Got the Papyrus of Terra Cotta
  2375 | D:2      | Reached skill level 1 in Armour
  2681 | D:2      | Reached XP level 4. HP: 33/33 MP: 2/6
  2684 | D:2      | Learned a level 2 spell: Scorch
  3377 | D:3      | Noticed a phantom
  3395 | D:2      | Killed a phantom
  3396 | D:2      | Reached XP level 5. HP: 24/38 MP: 0/7
  4503 | D:4      | Noticed a water moccasin
  4521 | D:4      | Killed a water moccasin
  4522 | D:4      | Reached skill level 1 in Fighting
  4522 | D:4      | Reached skill level 1 in Axes
  4522 | D:4      | Reached skill level 5 in Fire Magic
  4522 | D:4      | Reached XP level 6. HP: 11/47 MP: 0/8
  5046 | D:3      | Learned a level 4 spell: Flame Wave
  5096 | D:3      | Found a burning altar of Makhleb.
  6236 | D:4      | Reached XP level 7. HP: 55/55 MP: 7/10
  7271 | D:5      | Entered Level 5 of the Dungeon
  7382 | D:5      | Found a glowing drain.
  7488 | Sewer    | Entered a sewer
  8268 | Sewer    | Reached skill level 5 in Conjurations
  8268 | Sewer    | Reached XP level 8. HP: 57/62 MP: 0/11
  8786 | D:5      | Found a staircase to the Ecumenical Temple.
  8795 | Temple   | Entered the Ecumenical Temple
  9125 | Temple   | Became a worshipper of Cheibriados the Contemplative
  9235 | D:5      | Reached skill level 1 in Invocations
  9402 | D:5      | Reached skill level 2 in Invocations
  9471 | D:5      | Learned a level 3 spell: Stone Arrow
  9502 | D:5      | Reached * piety under Cheibriados
  9503 | D:5      | Reached skill level 3 in Invocations
  9650 | D:5      | Reached skill level 1 in Earth Magic
  9789 | D:5      | Reached skill level 4 in Invocations
 10111 | D:5      | Noticed a wraith
 10252 | D:5      | Reached skill level 5 in Invocations
 10854 | D:5      | Killed a wraith
 10855 | D:5      | Reached skill level 6 in Invocations
 10855 | D:5      | Reached XP level 9. HP: 61/68 MP: 1/13
 11859 | D:7      | Reached ** piety under Cheibriados
 11860 | D:7      | Reached skill level 1 in Shields
 11860 | D:7      | Reached skill level 7 in Invocations
 14271 | D:7      | Reached *** piety under Cheibriados
 14478 | D:8      | Reached XP level 10. HP: 75/79 MP: 10/15
 15651 | D:8      | Reached skill level 8 in Invocations
 16017 | D:8      | Reached **** piety under Cheibriados
 16044 | D:8      | Reached skill level 9 in Invocations
 16877 | D:8      | Reached skill level 10 in Invocations
 17078 | D:8      | Reached ***** piety under Cheibriados
 17757 | D:9      | Reached skill level 5 in Fighting
 17757 | D:9      | Reached skill level 5 in Shields
 18327 | D:9      | Reached skill level 5 in Armour
 18333 | D:9      | Reached skill level 5 in Earth Magic
 18430 | D:9      | Reached XP level 11. HP: 83/89 MP: 13/19
 18593 | D:9      | Reached skill level 11 in Invocations
 18632 | D:9      | Noticed a manticore
 18864 | D:9      | Killed a manticore
 19011 | D:10     | Entered Level 10 of the Dungeon
 19090 | D:10     | Noticed a two-headed ogre
 19098 | D:10     | Noticed a two-headed ogre
 19098 | D:10     | Slain by a two-headed ogre

Illustrated notes

Levels and vault maps discovered:
D:1:      wheals_arrival_shading, layout_basic
D:2:      layout_loops_cross, basic_altar, hellmonk_ecumenical_altar_blasted
D:3:      layout_loops_ring, mainiacjoe_overflow_24_doors, serial_forest,
          infiniplex_forest_end_1, infiniplex_forest_clump_medium,
          infiniplex_forest_side_room, infiniplex_forest_clump_small,
          infiniplex_forest_lined_2, infiniplex_forest_straight_2
D:4:      layout_loops_ring
D:5:      minmay_clustersquares, layout_rooms,
          minmay_temple_entry_statues_fountains, gup_sewer_entry_pipe
D:6:      layout_rooms
D:7:      layout_cave_pods
D:8:      layout_cave_pools, serial_gnoll_camp, gnoll_camp_mini_hut,
          gnoll_camp_huts_moat, gnoll_camp_mini_basic, gnoll_camp_medium_02,
          gnoll_camp_mini_basic
D:9:      layout_small_grid, minmay_bent
D:10:     layout_gridville, david_lair_generic, uniq_lodul
Temple:   minmay_crystal_snake_temple

Skill      XL: |  1  2  3  4  5  6  7  8  9 10 11 |
---------------+----------------------------------+-----
Conjurations   | 2 3 5 6 |  6.1
Fire Magic     | 4 5 6 7 |  7.5
Armour         | 1 2 3 5 6 |  6.0
Fighting       | 1 2 4 5 6 |  6.6
Axes           | 1 2 |  2.9
Spellcasting   | 2 |  2.3
Invocations    | 6 7 10 11 | 11.3
Earth Magic    | 4 5 |  5.6
Shields        | 4 5 6 |  6.0
Dodging        | 2 |  2.1
Stealth        | |  1.5

Action                   |  1- 3 |  4- 6 |  7- 9 | 10-12 || total
-------------------------+-------+-------+-------+-------++-------
Melee: Spear             |    10 |    17 |       |       ||    27
       Whip              |       |    23 |       |       ||    23
       Hand axe          |       |   142 |       |       ||   142
       Staff             |       |    15 |     6 |     8 ||    29
       Punch             |       |     3 |       |       ||     3
 Cast: Foxfire           |    84 |    81 |   153 |   131 ||   449
       Scorch            |       |    14 |    47 |    10 ||    71
       Flame Wave        |       |       |    13 |    10 ||    23
       Stone Arrow       |       |       |    26 |    61 ||    87
Evoke: Wand              |       |       |    11 |    10 ||    21
  Use: Potion            |     1 |     5 |     4 |       ||    10
       Scroll            |     1 |    10 |     8 |     6 ||    25
 Stab: Sleeping          |       |     1 |       |       ||     1
Armor: Robe              |     3 |       |       |       ||     3
       Leather armour    |     5 |    31 |    31 |       ||    67
       Steam dragon scal |       |       |     1 |    25 ||    26
Dodge: Dodged            |    15 |    46 |   105 |    64 ||   230
Block: Buckler           |       |       |     6 |    44 ||    50

Table legend: (Time is in decaauts)
 A = Elapsed time spent in this place.
 B = Non-inter-level travel time spent in this place.
 C = Inter-level travel time spent in this place.
 D = Time resting spent in this place.
 E = Time spent auto-exploring this place.
 F = Levels seen in this place.
 G = Mean time per level.
                   A        B        C        D        E       F      G
               +--------+--------+--------+--------+--------+-----+--------+
         Total |  21096 |  20652 |    444 |  10176 |   7138 |  12 | 1758.0 |
       Dungeon |  19458 |  19057 |    401 |   9231 |   6753 |  10 | 1945.8 |
        Temple |    595 |    552 |     43 |    378 |    141 |   1 |  595.0 |
         Sewer |   1042 |   1042 |      0 |    567 |    244 |   1 | 1042.0 |
               +--------+--------+--------+--------+--------+-----+--------+

Top non-repeatable levels by time:
     D:8: 4337 daAuts
     D:5: 2528 daAuts
     D:7: 2461 daAuts
     D:3: 1968 daAuts
     D:2: 1827 daAuts
     D:4: 1752 daAuts
     D:1: 1749 daAuts
     D:9: 1640 daAuts
     D:6: 1069 daAuts
   Sewer: 1042 daAuts
  Temple: 595 daAuts
    D:10: 122 daAuts
